[Event "World U20-ch22"]
[Site "Belfort"]
[Date "1983.08.15"]
[Round "4"]
[White "Georgiev, Kiril"]
[Black "Dlugy, Maxim"]
[Result "1-0"]
[ECO "D29"]
[WhiteElo "2410"]
[BlackElo "2450"]
[Annotator "Georgiev,K/Primel D"]
[PlyCount "79"]
[EventDate "1983.08.12"]
[EventType "swiss"]
[EventRounds "13"]
[EventCountry "FRA"]
[SourceTitle "EXT 2004"]
[Source "ChessBase"]
[SourceDate "2003.11.25"]
[SourceVersion "1"]
[SourceVersionDate "2003.11.25"]
[SourceQuality "1"]
[TimeControl "40/9000:16/5400:0"]

1. d4 {Georgiev: "C'est après cette 04ème ronde que j'ai compris que je
pouvais gagner le tournoi".} d5 2. c4 dxc4 3. Nf3 Nf6 4. e3 e6 5. Bxc4 c5 6.
O-O a6 7. Qe2 (7. Bb3 b5 8. a4 b4 9. e4 $1 Bb7 (9... Nxe4 $6 10.
d5 $36 ) 10. Nbd2) 7... b5 (7... Nc6 8. dxc5 $1 Bxc5 9. e4 $36 b5
10. Bb3 e5 11. Be3 $1 $14) 8. Bb3 (8. Bd3 $143 cxd4) 8... Bb7 9. Rd1 (9. Nc3) (
9. a4 Nbd7 10. axb5 axb5 11. Rxa8 Qxa8 12. Nc3 b4 13. Nb5 Qb8 14. e4 cxd4 15.
Nbxd4 $14 {Miles,A (2570)-Huebner,R (2620) Interpolis Tilburg 1986 (4) 1/2-1/2}
) 9... Be7 (9... Nbd7 {La grande ligne}) 10. Nc3 (10. dxc5 $5 {[%cal Gd1d8]
Profitant du fait que les Noirs ont joué trés tôt le Bf8} Qc7 11. a4 b4 12. e4
(12. Bc4 {Bergqvist,A-Shainswit,G Dubrovnik ol (Men) 1950 (10) 1/2-1/2}) 12...
Nxe4 13. Be3 Nxc5 14. Bxc5 Qxc5 15. Nbd2 Nd7 16. Rac1 Qf5 17. Bc2 Qf4 18. g3
Qg4 $13) 10... O-O 11. e4 $1 b4 (11... cxd4 12. Nxd4 $32 {[%cal Gd1d8] ;
Ftacnik,L (2540)-Zaltsman,V (2430) New York op 1987 1-0}) (11... Nc6 12. d5 (
12. e5 Nd5 13. Nxd5 exd5 14. dxc5 Bxc5 15. Bxd5 Nd4 16. Rxd4) 12... exd5 13.
exd5 Na5 (13... Nd4 14. Nxd4 cxd4 15. Rxd4 Bd6) 14. Bc2 Rc8) (11... Nbd7) 12.
d5 $1 bxc3 13. dxe6 Qb6 (13... cxb2 14. Bxb2 $40)
14. e5 (14. exf7+ Kh8 15. e5) 14... Ne4 15. exf7+ Kh8 16. e6 $40 {[%csl Ge6,
Gf7] Le futur Champion du Monde connait ses classiques et il suit une vieille
partie} Bf6 $146 (16... Qc7 17. Bc2 Qc6 18. Re1 Qxe6 19. Bxe4 Bxe4 20. Qxe4
Qxe4 21. Rxe4 Nc6 22. bxc3 {1-0 Kluger,G-Furman,S/Leningrad 1957/EXT 2001}) 17.
Ne5 $3 Qc7 $2 (17... Bxe5 18. e7 Bxh2+ $1 19. Kh1 (19.
Kxh2 Qc7+ ) 19... Nd7 20. Kxh2) (17... c4 $5 18. Ng6+ hxg6 19.
Bxc4 $44) 18. Ng6+ $3 hxg6 19. Rd3 $40 Ng5 20. Bxg5 Bxg5 21. e7
$1 Nc6 (21... Qxe7 22. Qxe7 Bxe7 23. Rh3+) 22. e8=Q cxb2 23. Qxb2 (23. Rh3+)
23... Nd4 24. Rh3+ Bh6 25. Qe3 Kh7 26. Qbc1 Nf5 {L'américain
aurait pu s'abstenir de continuer la partie} 27. Qexc5 Qd8 28. Qe1 Qg5 29. Rg3
Qf4 30. Qce5 Qh4 31. Rxg6 $1 Kxg6 32. Be6 Qg5 33. g3 Qf6 34. g4 Qxe5 35. Qxe5
Ne7 36. Bf5+ Kxf7 37. Qe6+ Ke8 38. Bg6+ Kd8 39. Rd1+ Nd5 40. Qd6+ 1-0